[Event "Betsys MČR v online bleskovém šachu 2021"]
[Site "Chess.com"]
[Date "2021.04.17"]
[Round "2"]
[White "VildaSt"]
[Black "ReitteN"]
[Result "1/2-1/2"]
[WhiteElo "1323"]
[BlackElo "1766"]
[TimeControl "180+1"]
[EndTime "9:17:50 PDT"]
[Termination "Remíza opakováním pozice"]

1. e4 c6 2. d4 d5 3. exd5 cxd5 4. Nf3 Nf6 5. c4 Nc6 6. Nc3 Bg4 7. Be3 e6 8. Be2 a6 9. O-O Rc8 10. Ne5 Bxe2 11.
Qxe2 Bd6 12. cxd5 Nxe5 13. dxe5 Bxe5 14. dxe6 fxe6 15. Bd2 Qd6 16. f4 Bd4+ 17. Be3 O-O 18. Bxd4 Qxd4+ 19. Kh1 Rfe8 20. Rad1 Qb4 21. a3 Qb6 22. Qf2 Qxf2 23. Rxf2 Red8 24. Rxd8+ Rxd8 25. g3 Nd5 26. Nxd5 Rxd5 27. Kg2 Rb5 28. Kf3 Kf7 29.
Kg4 Rb3 30. Rc2 Kf6 31. h4 g6 32. Re2 h5+ 33. Kh3 a5 34. Rc2 b6 35. Re2 a4 36.
Rc2 b5 37. Rd2 b4 38. axb4 Rxb4 39. Rc2 Rb3 40. Rd2 a3 41. bxa3 Rxa3 42. Rd6 Rb3 43.
Rd8 Ra3 44. Rf8+ Kg7 45. Rb8 Kf6 46. Rb6 Rd3 47. Rb5 Rd4 48. Rg5 Rd3 49. Rc5 Ra3 50. Rb5 Rc3 51. Rb8 Ra3 52. Rf8+ Kg7 53. Re8 Kf7 54.
Rb8 Kf6 1/2-1/2

[Event "Betsys MČR v online bleskovém šachu 2021"]
[Site "Chess.com"]
[Date "2021.04.17"]
[Round "2"]
[White "Dan1612"]
[Black "AJedlicka"]
[Result "1-0"]
[WhiteElo "1944"]
[BlackElo "2196"]
[TimeControl "180+1"]
[EndTime "9:17:51 PDT"]
[Termination "Uživatel Dan1612 zvítězil na čas"]

1. e4 c5 2. Nf3 d6 3. d4 cxd4 4. Nxd4 Nf6 5. Nc3 a6 6. Bg5 Nbd7 7. f4 Qc7 8. Qd2 e6 9. O-O-O b5 10. Bd3 Bb7 11. Rhe1 Be7 12. h3 O-O-O 13. a3 h6 14. Bh4 Nxe4 15. Bxe4 Bxh4 16. Ndxb5 axb5 17. Nxb5 Qb6 18. Nxd6+ Kb8 19. Re3 Nc5 20. Bxb7 Rxd6 21. Qxd6+ Qxd6 22. Rxd6 Kxb7 23. b4 Na4 24. Rd7+ Kc6 25.
Rxf7 Bf6 26. Rxe6+ Kd5 27. Ra6 Nc3 28. Rd7+ Ke4 29. Kd2 Rc8 30. Rd3 Kxf4 31. Rxf6+ gxf6 32. Rxc3 Rd8+ 33. Rd3 Ra8 34. b5 Ke4 35. b6 Rb8 36. Rb3 Kd4 37. a4 Kc5 38. a5 Kc6 39. a6 Rd8+ 40. Kc1 f5 41. b7 Kc7 42. a7 1-0

[Event "Betsys MČR v online bleskovém šachu 2021"]
[Site "Chess.com"]
[Date "2021.04.17"]
[Round "2"]
[White "DONSANMIGUEL"]
[Black "Tlaskin"]
[Result "1-0"]
[WhiteElo "1801"]
[BlackElo "1366"]
[TimeControl "180+1"]
[EndTime "9:17:51 PDT"]
[Termination "Uživatel DONSANMIGUEL zvítězil matem"]

1. a4 Nf6 2. Nf3 c5 3. d3 e6 4. Nbd2 Nc6 5. g3 Be7 6. Bg2 O-O 7. O-O b6 8. e4 Bb7 9. c3 Rb8 10. Nc4 d5 11. e5 dxc4 12. exf6 Bxf6 13. dxc4 Qxd1 14.
Rxd1 Rfd8 15. Bf4 e5 16. Be3 Ne7 17. g4 h6 18. h4 Ng6 19. g5 hxg5 20. hxg5 Be7 21.
Nh2 Bxg2 22. Kxg2 Nf4+ 23. Bxf4 exf4 24. Nf3 Rxd1 25. Rxd1 Rd8 26. Re1 Bf8 27. Re2 g6 28.
Ne5 Bd6 29. Ng4 Rc8 30. Nf6+ Kg7 31. Re8 Rxe8 32. Nxe8+ Kf8 33. Nxd6 Ke7 34. Ne4 Ke6 35. Kf3 f5 36. gxf6 Kf7 37. Kxf4 Ke6 38. Kg5 Kf7 39. Nd6+ Kf8 40. Nb5 Kf7 41. Nxa7 Kf8 42.
Nc8 Kf7 43. Nxb6 Kf8 44. a5 Kf7 45. a6 Kf8 46. a7 Kf7 47. a8=Q Ke6 48. Qd5# 1-0

[Event "Betsys MČR v online bleskovém šachu 2021"]
[Site "Chess.com"]
[Date "2021.04.17"]
[Round "2"]
[White "vadoto"]
[Black "youhy"]
[Result "0-1"]
[WhiteElo "1277"]
[BlackElo "1765"]
[TimeControl "180+1"]
[EndTime "9:17:51 PDT"]
[Termination "Uživatel youhy zvítězil na čas"]

1. e4 c5 2. Nf3 d6 3. Nc3 Nf6 4. d4 cxd4 5. Nxd4 a6 6. Be2 Nbd7 7. O-O e6 8. Bg5 Be7 9. Qd2 O-O 10. Rfe1 Qc7 11. Rad1 b5 12. Bf3 Bb7 13. Qe3 Ne5 14. h3 Rfc8 15. Be2 b4 16. Na4 Rab8 17. b3 Nxe4 18.
Bxe7 Qxe7 19. Nb6 Rc3 20. Qc1 Qc7 21. Nc4 Nxc4 22. Bxc4 d5 23. Bd3 a5 24. Nb5 Qc6 25.
Nxc3 Nxc3 26. Rd2 a4 27. Re3 d4 28. Rg3 Nxa2 29. Qb2 Nc3 30. bxa4 g6 31. Qb3 Qxa4 32.
Qxa4 Nxa4 33. Bb5 Nc3 34. Bd7 e5 35. Bg4 Ne4 36. Rgd3 Nxd2 37. Rxd2 Ba6 0-1

[Event "Betsys MČR v online bleskovém šachu 2021"]
[Site "Chess.com"]
[Date "2021.04.17"]
[Round "2"]
[White "kaprasov"]
[Black "TheFr0zenSun"]
[Result "0-1"]
[WhiteElo "1890"]
[BlackElo "2236"]
[TimeControl "180+1"]
[EndTime "9:17:54 PDT"]
[Termination "Uživatel TheFr0zenSun zvítězil na čas"]

1. d4 Nf6 2. Bf4 e6 3. e3 c5 4. c3 d5 5. Nd2 Bd6 6. Bg3 Qc7 7.
Ngf3 Nbd7 8. Bxd6 Qxd6 9. Bd3 O-O 10. O-O e5 11. dxe5 Nxe5 12. Nxe5 Qxe5 13. Nf3 Qh5 14.
h3 Re8 15. Be2 Qg6 16. Kh1 Be6 17. Nh4 Qh6 18. Nf3 a6 19. Qd2 Bxh3 20. gxh3 Qxh3+ 21. Nh2 Re4 22. f3 Rh4 23. Rf2 Re8 24. Qd3 Nh5 25. Re1 Ng3+ 26. Kg1 Re5 27. Bf1 Qe6 28. f4 Reh5 29. Qd2 Ne4 30. Qc2 Nxf2 31. Qxf2 Rxh2 32.
Qxh2 Rxh2 33. Kxh2 d4 34. cxd4 cxd4 35. e4 Qxa2 36.
Re2 g6 37. Rc2 Qb1 38. Bd3 Qd1 0-1

[Event "Betsys MČR v online bleskovém šachu 2021"]
[Site "Chess.com"]
[Date "2021.04.17"]
[Round "2"]
[White "Fafin1"]
[Black "CZpeeeter"]
[Result "0-1"]
[WhiteElo "1166"]
[BlackElo "1727"]
[TimeControl "180+1"]
[EndTime "9:17:54 PDT"]
[Termination "Uživatel CZpeeeter zvítězil na čas"]

1. e4 e5 2. Nf3 Nc6 3. Bb5 Nge7 4. d3 g6 5. Bg5 Bg7 6. Bxe7 Nxe7 7. Nxe5 Bxe5 8. c3 O-O 9. O-O a6 10. Ba4 d5 11.
Re1 Bg7 12. Qe2 dxe4 13. Qxe4 Nf5 14. Nd2 c6 15. Nf3 Be6 16. c4 b5 17. cxb5 cxb5 18.
Bd1 Bxb2 19. Rb1 Bc3 20. Re2 Bd5 21. Qf4 Bxa2 22. Rc1 Qxd3 23. Rxa2 b4 24. g3 Rae8 25. Ba4 Re4 26. Qc7 Qxf3 27. Bc6 Qd3 28. Bxe4 Qxe4 29. Rxa6 Nd4 30. Qf4 Ne2+ 31. Kf1 Nxf4 32. gxf4 Qxf4 33. Rc6 Qxc1+ 34. Kg2 Re8 35. Kg3 Qg5+ 36.
Kf3 Re5 37. Rc4 Qf5+ 38. Kg2 Qg5+ 0-1

[Event "Betsys MČR v online bleskovém šachu 2021"]
[Site "Chess.com"]
[Date "2021.04.17"]
[Round "2"]
[White "stripe122"]
[Black "horalek"]
[Result "1-0"]
[WhiteElo "1790"]
[BlackElo "1347"]
[TimeControl "180+1"]
[EndTime "9:17:57 PDT"]
[Termination "Uživatel stripe122 zvítězil na čas"]

1. e4 d5 2. exd5 c6 3. dxc6 Nxc6 4.
Nf3 Bg4 5. Be2 e6 6. Nc3 Nf6 7. O-O Be7 8. d3 O-O 9. Be3 a6 10. a4 h6 11. Nd2 Bxe2 12. Qxe2 Qc7 13. Nde4 Nxe4 14. Nxe4 Rfd8 15. f4 Nd4 16. Bxd4 Rxd4 17. f5 exf5 18. Rxf5 Rad8 19. Raf1 Bc5 20. Kh1 Bf8 21. Qf2 R4d7 22. Nc3 f6 23. Rf4 Bd6 24. Rh4 Qc5 25. Qf3 Qg5 26. Rg4 Qe5 27. g3 Kh8 28. Re4 Qg5 29. Rfe1 Be5 30. Nd1 Rd4 31. Nf2 Rxe4 32.
Nxe4 Qg6 33. c3 Qf7 34. d4 Bc7 35. Nc5 Re8 36. Rxe8+ Qxe8 37. Kg2 Qe1 38. Qf2 Qe7 39. Qf3 b6 40. Ne4 1-0

[Event "Betsys MČR v online bleskovém šachu 2021"]
[Site "Chess.com"]
[Date "2021.04.17"]
[Round "2"]
[White "Klokan64"]
[Black "trosecnik"]
[Result "0-1"]
[WhiteElo "1428"]
[BlackElo "1843"]
[TimeControl "180+1"]
[EndTime "9:18:00 PDT"]
[Termination "Uživatel trosecnik zvítězil na čas"]

1. d4 d5 2. Nf3 e6 3. Bg5 Nf6 4. e3 Be7 5. Bd3 O-O 6. O-O Nbd7 7. c3 b6 8. Qc2 h6 9. Bh4 c5 10. b3 Bb7 11. Nbd2 Rc8 12. Ne5 Nxe5 13. dxe5 Ng4 14. Bxe7 Qxe7 15. Nf3 Qc7 16. h3 Nxe5 17. Nxe5 Qxe5 18.
Rae1 Qg5 19. f4 Qe7 20. Rf3 c4 21. Bh7+ Kh8 22. Rg3 Qh4 23. Qf2 g6 24. Bxg6 fxg6 25. Rxg6 Qxf2+ 26. Kxf2 Rce8 27. Rxh6+ Kg7 28. Rh4 cxb3 29.
axb3 Rc8 30. Rc1 Kf6 31. g4 Rh8 32. g5+ Kf5 33. Rxh8 Rxh8 34. Kg3 e5 35. h4 exf4+ 36. exf4 Re8 37. Rf1 Re3+ 38. Rf3 Re1 39. h5 d4 40. Rd3 Re3+ 0-1

[Event "Betsys MČR v online bleskovém šachu 2021"]
[Site "Chess.com"]
[Date "2021.04.17"]
[Round "2"]
[White "KajaOl"]
[Black "SayQueen"]
[Result "1-0"]
[WhiteElo "2352"]
[BlackElo "1994"]
[TimeControl "180+1"]
[EndTime "9:18:04 PDT"]
[Termination "Uživatel KajaOl zvítězil na čas"]

1. e4 e5 2. Nf3 Nc6 3. Bc4 Nf6 4. d3 Bc5 5. Nbd2 a5 6. O-O d6 7. c3 O-O 8. h3 h6 9. Bb3 Ba7 10. Re1 Be6 11. Bc2 Re8 12. Nf1 d5 13. Qe2 dxe4 14. dxe4 Qe7 15. Ba4 Bd7 16. Ng3 Rab8 17. Be3 Bxe3 18.
Qxe3 b5 19. Bc2 b4 20. Rad1 bxc3 21. bxc3 Red8 22. Bb3 Be6 23. Ba4 Rb6 24. Nf5 Bxf5 25. exf5 Rxd1 26. Rxd1 Qa3 27. Bb3 Rb8 28. Bc4 e4 29.
Nd4 Qc5 30. Bb3 Rd8 31. Nxc6 Rxd1+ 32. Bxd1 Qxc6 33. Bc2 Qd5 34. g4 Qe5 35. Qd4 Qxd4 36. cxd4 Kf8 37. Kf1 Ke7 38. Ke2 Kd6 39. Ke3 Nd5+ 40.
Kxe4 Nc3+ 41. Ke3 Nxa2 42. Bb3 Nb4 43. Bxf7 a4 44. Kd2 a3 45. Kc3 a2 46. Kb2 Kc6 47. Bxa2 Nxa2 48. Kxa2 1-0

[Event "Betsys MČR v online bleskovém šachu 2021"]
[Site "Chess.com"]
[Date "2021.04.17"]
[Round "2"]
[White "tiger196223"]
[Black "jachym08"]
[Result "0-1"]
[WhiteElo "1849"]
[BlackElo "2169"]
[TimeControl "180+1"]
[EndTime "9:18:04 PDT"]
[Termination "Uživatel jachym08 zvítězil na čas"]

1. d4 Nf6 2. Nf3 g6 3. Bg5 Bg7 4. Nbd2 d5 5. e3 O-O 6. Bd3 c5 7. c3 Nc6 8. O-O b6 9. Qc2 c4 10. Be2 Bf5 11. Qd1 h6 12. Bxf6 Bxf6 13. h3 Kg7 14. Re1 Re8 15. Bf1 e5 16. dxe5 Nxe5 17.
Nxe5 Bxe5 18. Nf3 Bc7 19. Nd4 Be4 20. f4 Qf6 21. Be2 Re7 22. Bf3 Rae8 23. Bxe4 Rxe4 24. Qd2 Qe7 25. Kf2 Qh4+ 26. Kf1 h5 27. Qf2 Qf6 28. Re2 a6 29. Rae1 b5 30. a3 Bb6 31. g4 hxg4 32. hxg4 Bc7 33. Kg2 Qd8 34. Rh1 Rh8 35. Rxh8 Qxh8 36.
Qg3 Qe8 37. Qf3 Qd7 38. Qh3 Qe8 39. g5 Bxf4 40. exf4 Rxe2+ 41. Nxe2 Qxe2+ 42. Kg3 Qe3+ 43. Kg4 Qg1+ 44. Kf3 Qd1+ 45. Kg3 Qd3+ 46. Kg4 Qe2+ 47.
Kg3 Qxb2 0-1

[Event "Betsys MČR v online bleskovém šachu 2021"]
[Site "Chess.com"]
[Date "2021.04.17"]
[Round "2"]
[White "Petulak08"]
[Black "psvoboda72"]
[Result "0-1"]
[WhiteElo "1216"]
[BlackElo "1738"]
[TimeControl "180+1"]
[EndTime "9:18:04 PDT"]
[Termination "Uživatel psvoboda72 zvítězil matem"]

1. e4 e5 2. Nf3 Nc6 3. d4 exd4 4.
Bc4 Bc5 5. Ng5 Nh6 6. Qf3 Ne5 7.
Qb3 O-O 8. f4 Nxc4 9. Qxc4 d6 10. e5 Ng4 11. exd6 cxd6 12. h3 Qe7+ 13. Kf1 Ne3+ 14.
Bxe3 dxe3 15. Ne4 Bb6 16. Nbc3 Be6 17. Qd3 d5 18. Nxd5 Bxd5 19. Qxd5 Rfd8 20. Qc4 Rac8 21. Qa4 Rd4 22. Qb3 Rxe4 23. Ke2 Rd4 24. Rad1 Rcd8 25.
Rd3 Rxd3 26. cxd3 h6 27. Rc1 Qf6 28. g3 Qd4 29. Rc4 Qd5 30. Qc3 Qg2+ 31. Kd1 e2+ 32. Kd2 Qf1 33. Qc1 Qxc1+ 34. Rxc1 Re8 35. b4 Bf2 36.
Re1 Bxe1+ 37. Kxe1 g5 38. fxg5 hxg5 39. g4 Kg7 40. d4 Kf6 41. d5 Ke5 42. d6 Kxd6 43. b5 Kc5 44. a4 Kb4 45. a5 Kxb5 46. a6 Kxa6 47. h4 gxh4 48. g5 h3 49. g6 h2 50.
gxf7 h1=Q+ 51. Kd2 e1=Q+ 52. Kd3 Qhe4# 0-1

[Event "Betsys MČR v online bleskovém šachu 2021"]
[Site "Chess.com"]
[Date "2021.04.17"]
[Round "2"]
[White "handlovskyjachym"]
[Black "zarathutra"]
[Result "0-1"]
[WhiteElo "1402"]
[BlackElo "1824"]
[TimeControl "180+1"]
[EndTime "9:18:06 PDT"]
[Termination "Uživatel zarathutra zvítězil matem"]

1. e4 c6 2. Nf3 d5 3. exd5 cxd5 4. d4 Nc6 5. Nc3 Bg4 6. Be2 e6 7. Bf4 Bd6 8. Bg3 Bxg3 9. fxg3 Qb6 10. Na4 Qb4+ 11.
c3 Qa5 12. O-O Nge7 13. Ne5 Bxe2 14. Nxc6 bxc6 15. Qb3 Bxf1 16. Rxf1 O-O 17. Nc5 Rfb8 18. Qc2 Qxa2 19. Qf2 Rxb2 20. Qxf7+ Kh8 21. Qf3 Rb1 22.
Nxe6 Rxf1+ 23. Qxf1 Ng6 24. Qf7 Rg8 25. Qf2 Qb1+ 26.
Qf1 Qxf1+ 27. Kxf1 a5 28. Nc5 Rb8 29. Ke2 Rb2+ 30.
Kd3 Rxg2 31. c4 dxc4+ 32. Kxc4 Rxh2 33. Na6 Rg2 34. Kc5 Rxg3 35. Kxc6 a4 36. Nb4 a3 37.
Kc5 Rb3 38. d5 Rxb4 39. d6 a2 40. d7 Rb8 41. Kc6 a1=Q 42. Kc7 Qa7+ 43. Kd6 Qxd7+ 44. Kxd7 Kg8 45. Kc7 Re8 46. Kd7 Kf7 47. Kd6 h6 48.
Kd5 h5 49. Kd4 h4 50. Kd5 h3 51. Kd6 h2 52. Kd5 h1=Q+ 53. Kd4 Qd1+ 54. Kc3 Qd7 55. Kb4 Rc8 56. Ka5 Qb7 57. Ka4 Ra8# 0-1

[Event "Betsys MČR v online bleskovém šachu 2021"]
[Site "Chess.com"]
[Date "2021.04.17"]
[Round "2"]
[White "Mimochodem"]
[Black "valid88"]
[Result "1-0"]
[WhiteElo "1788"]
[BlackElo "1340"]
[TimeControl "180+1"]
[EndTime "9:18:07 PDT"]
[Termination "Uživatel Mimochodem zvítězil na čas"]

1. e4 c6 2. Nf3 d5 3. exd5 cxd5 4. d4 Nf6 5. c4 Bg4 6. Nc3 e6 7. b3 Bb4 8. Qc2 Bf5 9. Bd3 Ne4 10. Bb2 Qa5 11. Rc1 Nc6 12. O-O Nxc3 13. Bxc3 Bxc3 14. Qxc3 Qxc3 15. Rxc3 Bg4 16. Ne5 Nxe5 17. dxe5 dxc4 18. Rxc4 O-O 19. Rxg4 g6 20. Bc4 Rfd8 21. a4 a6 22. Rg3 Rab8 23. Rd3 Rdc8 24. Rfd1 b5 25. axb5 axb5 26.
Bxb5 Rxb5 27. Rd8+ Rxd8 28. Rxd8+ Kg7 29. Rd3 Rxe5 30. f3 Rb5 31. Kf2 Kf6 32. Ke3 Ke7 33.
Kd4 Kd6 34. Kc4+ Kc6 35. b4 Rh5 36. h3 Rh4+ 37. Kb3 Kb5 38. Rd7 Rxb4+ 39. Kc3 Rc4+ 40. Kd3 Rf4 41. Ke3 Rf5 42. Rc7 Kb6 43. Rc8 Kb7 44. Rc4 Rd5 45. g4 h6 46. Rf4 Rd7 47. Rc4 f6 48. h4 Rd6 49. f4 Kb6 50. h5 gxh5 51.
gxh5 Rd5 52. Re4 Rd6 53. Rc4 Kb5 54. Rc8 Rd5 55. Re8 Rxh5 56. Rxe6 Rf5 57. Ke4 Rc5 58. Rxf6 h5 59. Rh6 Rc4+ 60. Ke3 Rc3+ 61. Kd2 Rc5 62.
Ke2 Rf5 63. Kf3 Kc5 64. Ra6 Kd4 65. Ra4+ Kd3 66. Rb4 Kc3 67. Re4 Kd3 68. Re7 Kc4 69. Kg3 Kd3 70. Re6 Rd5 71. Kh4 1-0

[Event "Betsys MČR v online bleskovém šachu 2021"]
[Site "Chess.com"]
[Date "2021.04.17"]
[Round "2"]
[White "vasekpaulus"]
[Black "Countryside_58"]
[Result "0-1"]
[WhiteElo "2059"]
[BlackElo "2451"]
[TimeControl "180+1"]
[EndTime "9:18:09 PDT"]
[Termination "Uživatel Countryside_58 zvítězil po vzdání soupeře"]

1. e4 Nf6 2. e5 Ng8 3. Nf3 d5 4. d4 Bg4 5. Be2 e6 6. O-O c5 7. c3 Nc6 8. h3 Bxf3 9. Bxf3 cxd4 10. cxd4 Qb6 11. Be3 Qxb2 12. Nd2 Bb4 13. Nb3 Qa3 14. Qe2 Nge7 15. g4 a6 16. Kh2 h5 17. gxh5 Rc8 18. Bg4 Qa4 19. f4 Qb5 20. Qf2 Nf5 21. Bxf5 exf5 22. Rg1 Bf8 23. Rae1 Rxh5 24. Bc1 g6 25. e6 fxe6 26. Rxe6+ Ne7 27. Ba3 Qd3 28. Re3 Qc2 29. Re2 Qc6 30. Rg3 Kf7 31. Bxe7 Bxe7 32.
Rge3 Bf6 33. Qg2 Rch8 34. Nc5 b6 35. Ne6 Re8 36. Ng5+ Bxg5 37. fxg5 Rxe3 38. Rxe3 Qc7+ 39. Re5 Qd6 40. Qe2 Qa3 41. Re3 Qb4 42. Re8 Qd6+ 43. Re5 Rxg5 44. h4 Rg4 45. Kh3 Rxd4 46. Re6 Qxe6 0-1

[Event "Betsys MČR v online bleskovém šachu 2021"]
[Site "Chess.com"]
[Date "2021.04.17"]
[Round "2"]
[White "DenryS"]
[Black "HonzaVykouk"]
[Result "1/2-1/2"]
[WhiteElo "2123"]
[BlackElo "2693"]
[TimeControl "180+1"]
[EndTime "9:18:13 PDT"]
[Termination "Remíza – nedostatek materiálu"]

1. d4 Nf6 2. Nf3 g6 3. Nc3 Bg7 4. Bf4 d5 5. Qd2 h6 6. Ne5 c6 7.
O-O-O b5 8. f3 a5 9. Kb1 a4 10. a3 g5 11. Bg3 Bf5 12. h4 g4 13. e4 dxe4 14. Qf4 e6 15. fxg4 Bg6 16. Nxg6 fxg6 17.
Nxe4 O-O 18. Nxf6+ Rxf6 19. Qe4 Qd5 20. Bd3 Nd7 21.
Rhe1 Raf8 22. g5 hxg5 23. hxg5 Rf5 24. Qxe6+ Qxe6 25. Rxe6 Rxg5 26. Rxg6 Rxg6 27. Bxg6 Nf6 28. Be5 Nd5 29. Be4 Rf2 30. Rd3 Bh6 31. Rg3+ Kf7 32.
Rf3+ Rxf3 33. Bxf3 Ke6 34. Bxd5+ cxd5 35. b3 Bd2 36. g4 Bc3 37. g5 Kf5 38. Bf6 Kg6 39. bxa4 bxa4 40. Kc1 Kf5 41. Kd1 Bb2 42. Be7 Bxd4 43.
Ke2 Be5 44. Kd3 Ke6 45. Bb4 Kf5 46. c4 dxc4+ 47. Kxc4 Kxg5 48. Kb5 Bb2 49. Kxa4 Bxa3 1/2-1/2

[Event "Betsys MČR v online bleskovém šachu 2021"]
[Site "Chess.com"]
[Date "2021.04.17"]
[Round "2"]
[White "jonvon640"]
[Black "pkozubik"]
[Result "1-0"]
[WhiteElo "1674"]
[BlackElo "1127"]
[TimeControl "180+1"]
[EndTime "9:18:15 PDT"]
[Termination "Uživatel jonvon640 zvítězil po vzdání soupeře"]

1. e4 c6 2. d4 d5 3. exd5 cxd5 4. Bd3 Nc6 5. c3 e5 6. Bb5 exd4 7. Qxd4 a6 8.
Bxc6+ bxc6 9. Nf3 c5 10. Qd1 Bg4 11. h3 Bh5 12. O-O Be7 13. Re1 Nf6 14. Qe2 Ra7 15. Bg5 O-O 16. Nbd2 Re8 17. Bxf6 gxf6 18. Qd3 Bg6 19.
Qf1 Bd6 20. Rxe8+ Qxe8 21. Re1 Qd7 22. Nh4 Rb7 23. b3 Rb6 24. c4 Bf4 25. Ndf3 dxc4 26.
Qxc4 Bb8 27. Nxg6 hxg6 28. Qxc5 Rc6 29. Qe3 g5 30. Qe8+ Qxe8 31. Rxe8+ Kg7 32. Rxb8 Rc2 33. a4 Rb2 34. b4 Rb1+ 35. Kh2 Kg6 36. Kg3 Kf5 37. b5 Rb4 38. b6 Rxa4 39. b7 Rb4 40. h4 gxh4+ 41. Nxh4+ Ke6 42. Nf3 a5 43. Re8+ Kd7 44.
b8=Q Rxb8 45. Rxb8 a4 46. Ra8 Kc6 47. Rxa4 Kb5 48.
Rf4 Kc5 49. Rxf6 Kd5 50. Rxf7 Ke6 51. Rf8 Kd5 52. Rf4 Ke6 53. Kg4 Kd5 54. Kg5 Ke6 55. g4 Kd5 56. Kf5 Kc5 57. g5 Kd5 58. g6 Kd6 59. g7 Ke7 60. g8=Q Kd7 61. Qe6+ 1-0

[Event "Betsys MČR v online bleskovém šachu 2021"]
[Site "Chess.com"]
[Date "2021.04.17"]
[Round "2"]
[White "CzechMerlin"]
[Black "Jaja15F"]
[Result "1-0"]
[WhiteElo "1668"]
[BlackElo "1110"]
[TimeControl "180+1"]
[EndTime "9:18:16 PDT"]
[Termination "Uživatel CzechMerlin zvítězil na čas"]

1. d4 e5 2. d5 Nf6 3. c4 d6 4. Nc3 c6 5. Bg5 Be7 6. e4 cxd5 7. cxd5 Bg4 8. Be2 Bxe2 9. Qxe2 Nbd7 10. Nf3 O-O 11. O-O h6 12. Be3 Ng4 13. Bd2 Nc5 14. b4 Na6 15. a3 Nc7 16. h3 Nf6 17. Rfc1 Rc8 18. Ne1 Qd7 19. f3 Rfe8 20. Nd1 Nb5 21. Nc2 Rc7 22. Nde3 Rec8 23. Ne1 Nd4 24. Qd3 Rxc1 25. Rxc1 Rxc1 26. Bxc1 Qc7 27. N1c2 Nxc2 28. Qxc2 Qxc2 29. Nxc2 Bd8 30. Be3 a6 31. Na1 Bc7 32. Nb3 Nd7 33. Kf2 b6 34. Nd2 Kf8 35. Nc4 Ke8 36.
f4 b5 37. Nb2 f6 38. Nd3 a5 39.
fxe5 dxe5 40. Kg3 axb4 41. Nxb4 Ke7 42. Kg4 Bb6 43. Bxb6 Nxb6 44. Kf5 Nc4 45. g4 Nxa3 46.
h4 Nc4 47. g5 1-0

[Event "Betsys MČR v online bleskovém šachu 2021"]
[Site "Chess.com"]
[Date "2021.04.17"]
[Round "2"]
[White "rolkento"]
[Black "elftom"]
[Result "0-1"]
[WhiteElo "2254"]
[BlackElo "1947"]
[TimeControl "180+1"]
[EndTime "9:18:17 PDT"]
[Termination "Uživatel elftom zvítězil na čas"]

1. e4 c5 2. c3 g6 3. f4 Bg7 4.
Nf3 Nc6 5. Bb5 a6 6. Bxc6 dxc6 7. O-O c4 8. b3 cxb3 9. axb3 Qd3 10. e5 Bg4 11. h3 Bxf3 12. Rxf3 Qd7 13. d4 e6 14. Be3 h5 15. Nd2 Ne7 16. Nc4 Nd5 17. Nd6+ Ke7 18.
Qd3 Rhd8 19. c4 Nxe3 20. Qxe3 Qc7 21. g4 hxg4 22. hxg4 Rxd6 23. exd6+ Qxd6 24. Rd1 Rh8 25. Kg2 Kf8 26. Qe4 Qa3 27. Rh1 Qb2+ 28. Rf2 Qxd4 29. Rxh8+ Bxh8 30. Qxd4 Bxd4 31. Rd2 c5 32. Kf3 Ke7 33. Ke4 f5+ 34. gxf5 gxf5+ 35. Kf3 Kf6 36. Rh2 e5 37. fxe5+ Kxe5 38. Rh7 b5 39. Ra7 bxc4 40. bxc4 Bc3 41. Rxa6 Bb4 42. Ke3 f4+ 43. Kd3 Kf5 44.
Ra8 Ke5 45. Re8+ Kf5 46. Rd8 Ba3 47. Rd5+ Kg4 48. Rd8 Kf3 49. Ra8 Bb2 0-1

[Event "Betsys MČR v online bleskovém šachu 2021"]
[Site "Chess.com"]
[Date "2021.04.17"]
[Round "2"]
[White "hever99"]
[Black "SamikGame"]
[Result "1/2-1/2"]
[WhiteElo "2143"]
[BlackElo "1623"]
[TimeControl "180+1"]
[EndTime "9:18:18 PDT"]
[Termination "Remíza opakováním pozice"]

1. e4 e5 2. Bc4 Nf6 3. d3 Bc5 4. Nc3 d6 5. f4 Nbd7 6. Nf3 O-O 7. Na4 exf4 8. Nxc5 Nxc5 9. Bxf4 Be6 10. Bxe6 fxe6 11. Bg5 h6 12. Bh4 e5 13. O-O Qd7 14. Bf2 Ne6 15.
Be3 Ng4 16. Qd2 Nxe3 17. Qxe3 c6 18. d4 exd4 19. Nxd4 Nxd4 20. Qxd4 Qe6 21. Rxf8+ Rxf8 22. Rd1 Qxa2 23. c4 Qa4 24. h3 b6 25. Qd3 Qb4 26. Ra1 a5 27. Rb1 Qc5+ 28. Kh1 Rf2 29. Qc3 Qg5 30. Rg1 Qe5 31. Qxe5 dxe5 32. Rb1 a4 33. b3 a3 34. b4 a2 35. Ra1 Rb2 36. b5 cxb5 37. cxb5 Rxb5 38. Rxa2 Rb4 39. Ra6 b5 40. Rb6 Rxe4 41. Rxb5 Re1+ 42. Kh2 e4 43. Kg3 e3 44. Re5 g5 45. Kf3 Kg7 46. Rxe3 Rxe3+ 47. Kxe3 Kf6 48. Kf3 Kf5 49. g4+ Ke5 50. Ke3 Kd6 51. Kd4 Ke6 52. Ke4 Kf6 53. Kf3 Ke5 54. Ke3 Kd5 55. Kd3 Ke5 56. Ke3 1/2-1/2

[Event "Betsys MČR v online bleskovém šachu 2021"]
[Site "Chess.com"]
[Date "2021.04.17"]
[Round "2"]
[White "RadosC"]
[Black "tomasPardubice"]
[Result "1-0"]
[WhiteElo "2524"]
[BlackElo "2075"]
[TimeControl "180+1"]
[EndTime "9:18:20 PDT"]
[Termination "Uživatel RadosC zvítězil po vzdání soupeře"]

1. e4 c5 2. Nf3 d6 3. d4 cxd4 4. Nxd4 Nf6 5. Nc3 a6 6. h3 e6 7.
g4 d5 8. exd5 Nxd5 9. Nde2 Bb4 10.
Bd2 O-O 11. Bg2 Nxc3 12. Nxc3 Nc6 13. O-O e5 14. a3 Be7 15. Be3 Be6 16. Nd5 Bxd5 17.
Bxd5 Rc8 18. c3 Kh8 19. Qf3 Qc7 20. Rad1 Rcd8 21. Qf5 g6 22. Qf3 f5 23. Bh6 fxg4 24. Qxg4 Rf6 25. Rd2 Rfd6 26. Rfd1 Nd4 27. c4 Bf6 28. f4 Nf5 29. Bg5 Bxg5 30. Qxg5 exf4 31. Qxf4 Qg7 32. Kh2 Rf6 33. Bg2 Rdf8 34. Rd7 R6f7 35. Rxf7 Qxf7 36. Qe5+ Qg7 37. Qxg7+ Kxg7 38. Rd7+ Kh6 39. Rxb7 Ne3 40. Bd5 Rf2+ 41. Kg3 Rd2 42.
Bg8 Nf5+ 43. Kf4 Rd4+ 44. Ke5 Rd3 45. Rxh7+ Kg5 46. Rb7 Rxh3 47. c5 Re3+ 48. Kd5 Rd3+ 49. Kc4 Rd2 50. Kc3 Rd1 51. Bb3 Rd8 52. Bc2 Kf4 53.
b4 Rg8 54. Rb6 1-0

[Event "Betsys MČR v online bleskovém šachu 2021"]
[Site "Chess.com"]
[Date "2021.04.17"]
[Round "2"]
[White "SajdlJosef"]
[Black "TrickyPeat"]
[Result "0-1"]
[WhiteElo "1883"]
[BlackElo "2215"]
[TimeControl "180+1"]
[EndTime "9:18:20 PDT"]
[Termination "Uživatel TrickyPeat zvítězil na čas"]

1. d4 Nf6 2. Nf3 g6 3. Bf4 Bg7 4. e3 d6 5. Nbd2 O-O 6. Bc4 c6 7. O-O Nbd7 8. c3 Nh5 9. Bg5 h6 10. Bh4 Ndf6 11. e4 g5 12. Bg3 Nxg3 13. hxg3 d5 14. Bd3 dxe4 15. Nxe4 Nxe4 16. Bxe4 Bg4 17. Qc2 Qd6 18. Rfe1 Rad8 19. Bf5 Bxf5 20. Qxf5 e6 21. Qe4 Qd5 22. Qxd5 cxd5 23. Ne5 Rd6 24. Nd3 Rc8 25.
f4 Rb6 26. Re2 a5 27. Kf2 a4 28. a3 Rb5 29. Rh1 Rc6 30. Rh5 gxf4 31. gxf4 Rc8 32. Kf3 Rb6 33. g4 Rf8 34. Reh2 f6 35. Re2 Rd6 36.
Kg3 Kh7 37. Kf3 Kg6 38. Kg3 f5 39. Rh4 fxg4 40. Rxg4+ Kh7 41. Rg2 Rd7 42. Kf3 Rdf7 43.
Ke3 Bf6 44. Nc5 Re7 45. Nxa4 Bh8 46. Nc5 b6 47. Nd3 Rg7 48. Rxg7+ Bxg7 49. Ne5 Rf5 50. Kf3 Rh5 51. Kg4 Rh1 52. Kf3 Rf1+ 0-1

[Event "Betsys MČR v online bleskovém šachu 2021"]
[Site "Chess.com"]
[Date "2021.04.17"]
[Round "2"]
[White "marecek1754"]
[Black "mayerrs"]
[Result "0-1"]
[WhiteElo "2199"]
[BlackElo "1900"]
[TimeControl "180+1"]
[EndTime "9:18:22 PDT"]
[Termination "Uživatel mayerrs zvítězil na čas"]

1. e4 g6 2. d4 Bg7 3. Nc3 b6 4. g3 Bb7 5. Bg2 e6 6. Nge2 Ne7 7. Be3 a6 8. Qd2 d5 9. e5 h5 10. h3 Nd7 11. f4 c5 12. Nd1 c4 13. c3 b5 14. g4 hxg4 15. hxg4 Rxh1+ 16. Bxh1 Qb6 17. Nf2 a5 18. Ng3 b4 19. Nh3 b3 20. a3 a4 21.
Ng5 Bh6 22. f5 exf5 23. gxf5 gxf5 24. O-O-O Qg6 25. Bf3 O-O-O 26. Rh1 Rg8 27. Bh5 Qg7 28. Nxf7 Bxe3 29. Qxe3 Qxg3 30. Nd6+ Kb8 31. Bf3 f4 32. Qe2 Ng6 33. Nxb7 Kxb7 34. Bxd5+ Kb6 35. Bxg8 f3 36. Qxc4 Qf4+ 37. Kb1 Qe4+ 38. Ka1 f2 39. Qf1 Nf4 40. Bc4 Nf8 41. e6 N8g6 42. e7 Nxe7 43. Bb5 Neg6 44. c4 Qxd4 45. c5+ Qxc5 46. Bd3 Qe3 47. Bxg6 Nxg6 48. Qd1 Nf4 49. Rf1 Nd3 0-1